AoeStats
← xlalox corona

Arena

507865527Analyzed
2v2 RM · 11d ago on Sep 20, 2026· 46m 54s· 4 players
Game mode
Random Map
Map size
Medium (4 player)
Population
200
Speed
Normal
Resources
Standard
Victory
Conquest
Starting age
Dark Age
Ending age
Imperial Age
RankedLock teamsTeams togetherTeam positionsShared explorationLock speedFull tech treeHidden civsTurbo modeCheats
Victory
Defeat
🇲🇽 Maya · Mexico
1541
+13
🇲🇽 Spanish · Mexico
1541
+13
🇯🇵 Spanish · Japan
1497
-14
🇵🇪 Khmer · Peru
1455
-12
ggmax
10:04 Feudal Age
10:11 Loom
10:33 Double-Bit Axe
11:23 Fletching
20:42 Castle Age
19:02 Horse Collar
19:24 Padded Archer Armor
21:33 Bow Saw
22:45 Wheelbarrow
23:04 Leather Archer Armor
24:55 Bloodlines
24:46 Husbandry
24:54 Bodkin Arrow
CTM | KLIN
10:48 Feudal Age
13:59 Castle Age
11:49 Double-Bit Axe
14:27 Loom
20:13 Bow Saw
28:17 Imperial Age
33:53 Ballistics
35:08 Gold Mining
35:08 Stone Mining
35:40 Husbandry
35:50 Bloodlines
35:01 Light Cavalry
35:27 Heavy Scorpion
38:03 Conscription
38:51 Double Crossbow
40:04 Wheelbarrow
41:08 Chemistry
41:07 Town Watch
42:08 Town Patrol
44:48 Pikeman
45:24 Halberdier
46:26 Forging
46:16 Scale Mail Armor
47:49 Iron Casting
xlalox corona
5:56 Loom
8:22 Feudal Age
9:28 Double-Bit Axe
15:39 Wheelbarrow
20:52 Castle Age
20:58 Wheelbarrow
20:07 Horse Collar
22:45 Gold Mining
24:46 Heavy Plow
26:17 Padded Archer Armor
38:02 Imperial Age
36:50 Bow Saw
38:35 Scale Barding Armor
38:42 Forging
39:58 Chain Barding Armor
40:23 Bloodlines
40:14 Husbandry
39:49 Cavalier
41:50 Plate Barding Armor
42:37 Chemistry
41:23 Paladin
42:40 Iron Casting
45:08 Blast Furnace
GAX | ERV
0:28 Loom
11:22 Feudal Age
15:20 Castle Age
13:20 Double-Bit Axe
16:18 Bow Saw
22:43 Fletching
29:04 Bodkin Arrow
30:18 Masonry
31:10 Wheelbarrow
30:51 Gold Mining
30:43 Horse Collar
34:28 Imperial Age
32:38 Scale Mail Armor
32:32 Eagle Warrior
33:34 Chain Mail Armor
33:44 Squires
35:12 Hand Cart
35:51 Plate Mail Armor
37:09 Bracer
38:11 Chemistry
37:34 Forging
38:00 Elite Eagle Warrior
39:28 Iron Casting
41:35 Blast Furnace
43:14 Architecture
Connection lost

Rejoining the realm…

Still unreachable

The connection could not be restored.

Session expired

The server has moved on; the page needs a fresh start.